 Dungeon Crawl Stone Soup version 0.22-a0-44-geb883ae (webtiles) character file.

31077 KristoblXynda the Blocker (level 13, -1/94 HPs)
             Began as a Pale Draconian Fighter on Jan 6, 2018.
             Was an Elder of Ashenzari.
             Slain by a manticore (6 damage)
             ... on level 14 of the Dungeon.
             The game lasted 00:42:45 (16804 turns).

KristoblXynda the Blocker (Pale Draconian Fighter) Turns: 16804, Time: 00:42:45

Health: -1/94      AC: 15    Str: 18    XL:     13   Next: 24%
Magic:  0/23       EV: 13    Int: 15    God:    Ashenzari [****..]
Gold:   472        SH: 12    Dex: 10    Spells: 22/25 levels left

rFire    + + .     SeeInvis +   h - +1 scimitar (slice)
rCold    . . .     Gourm    .   b - +0 shield
rNeg     . . .     Faith    .   (armour unavailable)
rPois    .         Spirit   +   (helmet restricted)
rElec    .         Reflect  .   i - +1 cloak
rCorr    .         Harm     .   z - +1 pair of gloves
MR       ++...     Clarity  +   a - +2 pair of boots
Stlth    ++++......             A - amulet of Ireoh {Spirit rF+} (curse)
HPRegen  0.25/turn              r - ring of protection from magic
MPRegen  0.18/turn              p - +2 ring of slaying (curse)

@: short of breath, very slightly contaminated
A: breathe steam, unfitting armour, fire resistance 1, magic resistance 1, wild
magic 1, cold-blooded, MP-powered wands, AC +8
a: Breathe Steam, Curse Item, Scrying, Renounce Religion


You were on level 14 of the Dungeon.
You worshipped Ashenzari.
Ashenzari was greatly pleased with you.
You were not hungry.

You visited 2 branches of the dungeon, and saw 15 of its levels.
You also visited: Ossuary.

You collected 1050 gold pieces.
You spent 578 gold pieces at shops.

Inventory:

Hand Weapons
 h - a +1 scimitar of slicing (weapon)
 C - a +1 long sword
Missiles
 x - 6 javelins of returning (quivered)
 K - 4 throwing nets
Armour
 a - a +2 pair of boots (worn)
 b - a +0 shield (worn)
 i - a +1 cloak (worn)
 z - a +1 pair of gloves (worn)
Jewellery
 k - an uncursed ring of resist corrosion
 m - a +2 ring of protection
 p - a cursed +2 ring of slaying (right hand)
 r - a ring of protection from magic (left hand)
 y - an uncursed ring of protection from cold
 A - the cursed amulet of Ireoh (around neck) {Spirit rF+}
   (You found it on level 3 of the Dungeon)

   [amulet of guardian spirit]

   It causes incoming damage to be split between your health and magic.
   It protects you from fire.
   It has a curse placed upon it.
 G - an uncursed ring of protection from fire
 H - the ring "Noti" {rElec rC+ Int+2 Dex-3}
   (You took it off a crimson imp on level 10 of the Dungeon)

   [ring of protection from cold]

   It affects your intelligence (+2).
   It affects your dexterity (-3).
   It protects you from cold.
   It insulates you from electricity.
 I - an uncursed amulet of guardian spirit
 O - an uncursed ring of stealth
 R - an uncursed amulet of faith
Wands
 P - a wand of clouds (3)
 Q - a wand of paralysis (11)
 U - a wand of disintegration (18)
Scrolls
 g - 12 scrolls of identify
 j - 4 scrolls of magic mapping
 l - a scroll of teleportation
 n - 3 scrolls of fear
 F - 2 scrolls of blinking
 J - 2 scrolls of amnesia
 L - 2 scrolls of remove curse
 T - 2 scrolls of enchant weapon
Potions
 c - 2 potions of haste
 e - a potion of flight
 f - 4 potions of cancellation
 o - 3 potions of invisibility
 s - a potion of agility
 v - a potion of might
 w - 3 potions of curing
 E - a potion of magic
 M - a potion of brilliance
Books
 q - a book of Misfortune

   Spells                             Type                      Level
   a - Confusing Touch                Hexes                        1
   b - Confuse                        Hexes                        3
   c - Gell's Gravitas                Translocation                3
   d - Petrify                        Transmutation/Earth          4
   e - Metabolic Englaciation         Hexes/Ice                    5
   f - Yara's Violent Unravelling     Hexes/Transmutation          5
 t - a book of Cantrips

   Spells                             Type                      Level
   a - Confusing Touch                Hexes                        1
   b - Animate Skeleton               Necromancy                   1
   c - Summon Small Mammal            Summoning                    1
   d - Apportation                    Translocation                1
 u - a book of Minor Magic

   Spells                             Type                      Level
   a - Magic Dart                     Conjuration                  1
   b - Blink                          Translocation                2
   c - Call Imp                       Summoning                    2
   d - Slow                           Hexes                        2
   e - Conjure Flame                  Conjuration/Fire             3
   f - Mephitic Cloud                 Conjuration/Poison/Air       3
 B - a book of Flames

   Spells                             Type                      Level
   a - Flame Tongue                   Conjuration/Fire             1
   b - Throw Flame                    Conjuration/Fire             2
   c - Conjure Flame                  Conjuration/Fire             3
   d - Inner Flame                    Hexes/Fire                   3
   e - Sticky Flame                   Conjuration/Fire             4
   f - Fireball                       Conjuration/Fire             5
 D - a book of Maledictions

   Spells                             Type                      Level
   a - Corona                         Hexes                        1
   b - Ensorcelled Hibernation        Hexes/Ice                    2
   c - Confuse                        Hexes                        3
   d - Tukima's Dance                 Hexes                        3
   e - Dazzling Spray                 Conjuration/Hexes            3
 S - a book of Air

   Spells                             Type                      Level
   a - Shock                          Conjuration/Air              1
   b - Swiftness                      Charms/Air                   2
   c - Static Discharge               Conjuration/Air              3
   d - Airstrike                      Air                          4
   e - Lightning Bolt                 Conjuration/Air              5
Miscellaneous
 N - a phial of floods (inert)
Comestibles
 d - 3 rations
 V - 5 chunks of flesh


   Skills:
 - Level 3.2 Fighting
 + Level 12.4 Long Blades
 - Level 4.0 Throwing
 - Level 5.0 Dodging
 + Level 9.4 Stealth
 + Level 12.6 Shields
 + Level 6.9 Spellcasting
 + Level 4.7(6.9) Conjurations


You had 22 spell levels left.
You knew the following spells:

 Your Spells              Type           Power        Failure   Level  Hunger
a - Mephitic Cloud        Conj/Pois/Air  ###.....     26%         3    ##.....


Dungeon Overview and Level Annotations

Branches:
Dungeon (14/15)            Temple (1/1) D:5            Lair (0/6) D:8
    Orc (0/2) D:11         Vaults (0/5) D:14

Altars:
Ashenzari
Cheibriados
Dithmenos
Elyvilon
Fedhas
Gozag
Hepliaklqana
Kikubaaqudgha
Makhleb
Nemelex Xobeh
Okawaru
Qazlal
Ru
Sif Muna
Trog
Uskayaw
Vehumet
Wu Jian
Xom
Yredelemnul
Zin
The Shining One

Shops:
D:11 }

Annotations:
D:12 2 runed doors, exclusion: orange crystal statue


Innate Abilities, Weirdness & Mutations

You can breathe blasts of scalding, opaque steam.
Your pale cyan-grey scales are hard. (AC +8)
You cannot fit into any form of body armour.
You are cold-blooded and may be slowed by cold attacks.
Your flesh is heat resistant. (rF+)
You are resistant to hostile enchantments. (MR+)
Your spells are a little harder to cast, but a little more powerful.
You expend magic power (3 MP) to strengthen your wands.


Message History

The meliai is engulfed in a cloud of scalding steam.
The meliai calls down the wrath of its god upon you.
Something smites you!
* * * LOW HITPOINT WARNING * * *
Blink to where?
Press: ? - help, Dir - move target cursor, p - meliai You are very lightly contaminated with residual magic.
As you read the scroll of blinking, it crumbles to dust.
The wyvern skeleton is engulfed in a cloud of scalding steam.
You start resting.
Eating one of 6 chunks of flesh.
You eat one of the 6 chunks of flesh.
This raw flesh tastes terrible.
Your surroundings suddenly seem different.
An eight-headed hydra comes into view.
The eight-headed hydra roars!
A yak comes into view.
The yak bellows!
A yak comes into view.
The yak bellows!
The manticore bites you!
You die...

#.# ##..####...y.##*
.# #.# #..## ##...##
** **, ##.###..##
##'### ,,
#.#......#*##...Y.##
,,, ,
##.##.#...##.#YY.#.#
,,,,* *
####.#....#.YD....#,
#.#......Y.∩....
*,.......#.......#,,
* #.....##@# ,*, , *
* ,#.#..####H....# *
,* * #...* *##'### *
, ,, ** , * ,,.#* ,
, * * , .# , * , , *
, .# ,, *,,, * , ,,,
,,,. , * ** ** **
,,, , , * , *,* ,*


You could see an eight-headed hydra, a manticore and 5 yaks.

Vanquished Creatures
  Harold (D:11)
  A great orb of eyes (D:13)
  2 vault guards (D:14)
  5 two-headed ogres
  3 centaur warriors
  The ghost of Paulus the Spear-Bearer, a novice MiMo of Cheibriados (D:9)
  3 unseen horrors
  The ghost of anet the Magician, a novice DEWz of Ashenzari (D:6)
  2 deep elf magi
  4 cyclopes
  2 ugly things
  2 orc sorcerers (D:8)
  4 manticores
  A kobold demonologist (D:12)
  3 gargoyles
  A komodo dragon (D:12)
  A troll (shapeshifter) (D:13)
  2 meliai (D:14)
  4 trolls
  A slime creature (D:13)
  2 hippogriffs
  A spriggan (D:12)
  2 wyverns
  A wraith (D:13)
  A shadow (D:12)
  3 yaks (D:11)
  The ghost of Curus the Chopper, an amateur HOAK of Lugonu (D:3)
  5 hungry ghosts
  2 vampire mosquitoes (D:13)
  2 soldier ants
  9 orc warriors
  6 sky beasts
  2 ice beasts
  8 ogres
  3 black bears
  A necrophage (D:6)
  2 phantoms
  An eye of draining (D:11)
  4 wolves (D:8)
  13 centaurs
  Blork the orc (D:5)
  2 big kobolds
  10 bullfrogs
  2 elf zombies (Ossuary)
  A wyvern skeleton (D:10)
  6 scorpions
  A troll zombie (D:11)
  5 electric eels
  8 wights
  2 howler monkeys (D:11)
  7 crimson imps
  A centaur zombie (Ossuary)
  5 bullfrog zombies
  A bullfrog skeleton (D:8)
  4 centaur skeletons
  14 hounds
  2 jellies
  7 orc priests
  A human zombie (Ossuary)
  5 orc wizards
  3 iguanas
  Natasha (thrice) (D:2)
  10 worker ants
  A big kobold zombie (Ossuary)
  7 ogre zombies (D:11)
  A hound zombie (D:10)
  2 mummies (Ossuary)
  9 gnolls
  8 adders
  4 shadow imps
  An ooze (D:4)
  3 adder zombies
  2 adder skeletons (D:7)
  3 worms (D:9)
  4 dart slugs
  9 leopard geckos
  59 orcs
  10 giant cockroaches
  14 hobgoblins
  2 jackals (D:6)
  10 quokkas
  5 bats
  3 frilled lizards
  5 goblins
  A goblin zombie (Ossuary)
  2 hobgoblin skeletons (D:11)
  14 hobgoblin zombies
  17 kobolds
  6 kobold zombies (Ossuary)
  A leopard gecko zombie (D:5)
  2 orc skeletons (D:11)
  26 orc zombies
  14 rats
  3 rat zombies (Ossuary)
  A fungus (D:9)
463 creatures vanquished.

Vanquished Creatures (collateral kills)
  A hydra (D:13)
1 creature vanquished.

Vanquished Creatures (others)
  An orc skeleton (D:11)
  A plant (D:3)
2 creatures vanquished.

Grand Total: 466 creatures vanquished

Notes
Turn   | Place    | Note
-------+----------+-------------------------------------------
     0 | D:1      | KristoblXynda the Draconian Fighter began the quest for the Orb.
     0 | D:1      | Reached XP level 1. HP: 19/19 MP: 1/1
   164 | D:1      | Reached XP level 2. HP: 18/26 MP: 2/2
   685 | D:1      | Reached XP level 3. HP: 20/31 MP: 3/3
  1480 | D:2      | Found a faded altar of an unknown god.
  1484 | D:2      | Noticed Natasha
  1501 | D:2      | Killed Natasha
  1501 | D:2      | Reached XP level 4. HP: 17/38 MP: 4/4
  1538 | D:2      | Noticed Natasha
  1795 | D:2      | Killed Natasha
  1976 | D:2      | Noticed Natasha
  1990 | D:2      | Killed Natasha
  2093 | D:2      | Reached XP level 5. HP: 44/45 MP: 5/5
  2218 | D:3      | Noticed Curus's ghost (amateur HOAK)
  2404 | D:3      | Found a transporter.
  2407 | D:3      | Found a stormy altar of Qazlal.
  2407 | D:3      | Found a transporter.
  2412 | D:3      | Noticed an orc warrior
  2525 | D:3      | Killed Curus's ghost
  2525 | D:3      | Reached XP level 6. HP: 38/51 MP: 6/6
  3611 | D:4      | Reached skill level 5 in Shields
  4053 | D:4      | Your scales start taking on a pale cyan-grey colour.
  4053 | D:4      | Reached XP level 7. HP: 45/57 MP: 7/7
  4241 | D:3      | Got a warped diamond amulet
  4253 | D:3      | Identified the amulet of Ireoh {Spirit rF+} (You found it on level 3 of the Dungeon)
  4663 | D:4      | Reached skill level 5 in Dodging
  4676 | D:4      | Reached skill level 5 in Long Blades
  4846 | D:5      | Entered Level 5 of the Dungeon
  4885 | D:5      | Found a sand-covered staircase.
  4896 | Ossuary  | Entered an ossuary
  5183 | D:5      | Reached XP level 8. HP: 58/63 MP: 6/8
  5407 | D:5      | Noticed Blork the orc
  5412 | D:5      | Killed Blork the orc
  5538 | D:5      | Found a staircase to the Ecumenical Temple.
  5595 | Temple   | Entered the Ecumenical Temple
  5670 | Temple   | Became a worshipper of Ashenzari the Shackled
  5926 | D:6      | Gained mutation: Your system is resistant to poisons. (rPois) [potion of mutation]
  5926 | D:6      | Gained mutation: You have sharp toenails. [potion of mutation]
  5926 | D:6      | Gained mutation: You have a pair of small horns on your head. [potion of mutation]
  6048 | D:6      | Noticed anet's ghost (novice DEWz)
  6050 | D:6      | Reached XP level 9. HP: 57/70 MP: 6/9
  6064 | D:6      | Killed anet's ghost
  6571 | D:6      | Reached skill level 1 in Stealth
  6649 | D:7      | Found a shadowy altar of Dithmenos.
  6993 | D:7      | Found a radiant altar of Vehumet.
  7051 | D:7      | Found a blossoming altar of Fedhas.
  7181 | D:7      | Reached * piety under Ashenzari
  7379 | D:8      | Found an opulent altar of Gozag.
  7500 | D:8      | Reached XP level 10. HP: 52/77 MP: 10/10
  7867 | D:8      | Found a staircase to the Lair.
  8017 | D:8      | Noticed an orc sorcerer
  8020 | D:8      | Noticed an orc sorcerer
  8025 | D:8      | Paralysed by an orc sorcerer for 7 turns
  8044 | D:8      | Killed an orc sorcerer
  8044 | D:8      | Reached skill level 10 in Shields
  8047 | D:8      | Noticed a sixfirhy
  8322 | D:8      | Killed an orc sorcerer
  8399 | D:8      | Learned a level 3 spell: Mephitic Cloud
  8488 | D:8      | Reached skill level 10 in Long Blades
  8501 | D:8      | Reached skill level 5 in Stealth
  9583 | D:9      | Reached ** piety under Ashenzari
  9601 | D:9      | Reached skill level 1 in Spellcasting
  9640 | D:9      | Noticed a two-headed ogre
  9653 | D:9      | Killed a two-headed ogre
  9735 | D:9      | Noticed Paulus's ghost (novice MiMo)
  9747 | D:9      | Killed Paulus's ghost
  9821 | D:9      | Noticed a moth of wrath
  9834 | D:9      | Found a bloodstained altar of Trog.
  9902 | D:9      | Reached XP level 11. HP: 72/82 MP: 14/14
  9935 | D:9      | Found a hazy altar of Hepliaklqana.
  9935 | D:9      | Found a white marble altar of Elyvilon.
 10098 | D:9      | Found a blossoming altar of Fedhas.
 10249 | D:10     | Entered Level 10 of the Dungeon
 10324 | D:10     | Noticed a brown ugly thing
 10659 | D:10     | Killed a brown ugly thing
 10878 | D:10     | Reached skill level 1 in Throwing
 10888 | D:10     | Identified the ring "Noti" {rElec rC+ Int+2 Dex-3} (You took it off a crimson imp on level 10 of the Dungeon)
 11190 | D:10     | Noticed a two-headed ogre
 11197 | D:10     | Killed a two-headed ogre
 11492 | D:11     | Noticed Harold
 11493 | D:11     | Found a staircase to the Orcish Mines.
 11524 | D:11     | Killed Harold
 12028 | D:11     | Found Jyshromec's Gadget Shop.
 12041 | D:11     | Noticed a two-headed ogre
 12069 | D:11     | Killed a two-headed ogre
 12069 | D:11     | Reached skill level 5 in Spellcasting
 12069 | D:11     | Reached XP level 12. HP: 12/89 MP: 5/19
 13009 | D:12     | Reached *** piety under Ashenzari
 13175 | D:11     | Bought a wand of clouds (3) for 357 gold pieces
 13175 | D:11     | Bought a wand of paralysis (11) for 221 gold pieces
 13445 | D:12     | Found a runed door.
 13677 | D:12     | Found the +10 large shield of Ignorance {rN+ Int-4}
 13709 | D:12     | Found a runed door.
 13834 | D:12     | Reached skill level 1 in Conjurations
 13897 | D:12     | Gained mutation: You expend magic power (3 MP) to strengthen your wands. [a neqoxec]
 13901 | D:12     | Lost mutation: You have sharp toenails. [a neqoxec]
 13917 | D:12     | Lost mutation: You have a pair of small horns on your head. [potion of mutation]
 13917 | D:12     | Lost mutation: Your system is resistant to poisons. (rPois) [potion of mutation]
 13917 | D:12     | Gained mutation: Your flesh is heat resistant. (rF+) [potion of mutation]
 13917 | D:12     | Gained mutation: Your spells are a little harder to cast, but a little more powerful. [potion of mutation]
 13917 | D:12     | Gained mutation: You are resistant to hostile enchantments. (MR+) [potion of mutation]
 14459 | D:13     | Noticed a centaur warrior
 14477 | D:13     | Killed a centaur warrior
 14661 | D:13     | Noticed a two-headed ogre
 14672 | D:13     | Killed a two-headed ogre
 14763 | D:13     | Noticed a four-headed hydra
 14779 | D:13     | Killed a six-headed hydra
 14843 | D:13     | Noticed a great orb of eyes
 14856 | D:13     | Killed a great orb of eyes
 15155 | D:13     | Noticed a centaur warrior
 15171 | D:13     | Killed a centaur warrior
 15177 | D:13     | Reached **** piety under Ashenzari
 15503 | D:13     | Reached XP level 13. HP: 94/94 MP: 22/22
 16557 | D:14     | Found a gate to the Vaults.
 16801 | D:14     | HP: 4/94 [meliai/divine providence (13)]
 16804 | D:14     | Slain by a manticore

Vault maps used:
D:1:      kennysheep_arrival_forest
D:2:      chequers_ecumenical_altar_simple, uniq_natasha
D:3:      wad_woods_settlement, gammafunk_temple_overflow_arena
D:4:      kennysheep_spiral_hall
D:5:      minmay_temple_entry_enclosed_plants, first_ration,
          nicolae_ossuary_entry_ruins, uniq_blork_the_orc
D:7:      lemuel_coloured_pillars_altar, grunt_dithmenos_shadows, basic_altar
D:8:      cheibrodos_wizards_tower, nicolae_overflow_crystal_walls,
          erik_lair_island
D:9:      marbit_many_paths, tgw_trog, amethyst_overflow_temple_binary,
          fungi_pond_lemuel
D:10:     minmay_ornate_pinched
D:11:     zombieorc2_lemuel, serial_shops, shop, uniq_harold
D:12:     grunt_pizzeria, chequers_guarded_unrand_ignorance
D:13:     kennysheep_blocky_room
D:14:     lightli_vaults_fourway_checkpoint, eino_curves_02
Temple:   nicolae_temple_great_sept
Ossuary:  ossuary_tomb_1

Skill      XL: |  1  2  3  4  5  6  7  8  9 10 11 12 |
---------------+-------------------------------------+-----
Dodging        | 3 4 5 |  5.0
Long Blades    | 3 4 6 7 9 10 11 12 | 12.4
Shields        | 4 5 6 8 9 10 11 12 | 12.6
Stealth        | 3 6 7 9 |  9.4
Spellcasting   | 2 5 6 |  6.9
Throwing       | 3 4 |  4.0
Conjurations   | 4 |  4.7
Fighting       | |  3.2

Action                   |  1- 3 |  4- 6 |  7- 9 | 10-12 | 13-15 || total
-------------------------+-------+-------+-------+-------+-------++-------
Melee: Long sword        |   116 |   150 |   301 |       |       ||   567
       Tailslap          |    11 |    18 |    48 |    97 |     7 ||   181
       Headbutt          |       |       |    32 |    97 |       ||   129
       Scimitar          |       |       |    54 |   627 |    70 ||   751
Throw: Javelin           |       |     1 |       |     7 |       ||     8
Invok: Curse Item        |       |       |     2 |       |       ||     2
 Abil: Breathe Steam     |       |       |    11 |    49 |     9 ||    69
Evoke: Phial of floods   |       |       |       |     1 |       ||     1
  Use: Scroll            |       |     4 |    20 |    11 |     2 ||    37
       Potion            |       |     2 |     2 |    11 |     2 ||    17
 Stab: Sleeping          |       |     1 |       |     7 |     2 ||    10
       Distracted        |       |       |       |     1 |       ||     1
  Eat: Chunk             |     2 |     1 |     4 |    18 |     4 ||    29
       Ration            |       |     2 |     3 |     5 |       ||    10
Armor: Skin              |    37 |    41 |   100 |   175 |    13 ||   366
Dodge: Dodged            |    62 |    71 |   147 |   283 |    14 ||   577
Block: Shield            |    58 |    79 |   214 |   324 |    34 ||   709
       Rpst.: Long sword |    16 |    18 |    45 |       |       ||    79
       Scimitar          |       |       |     6 |    71 |     3 ||    80

Table legend:
 A = Spawn XP
 B = Non-spawn XP
 C = Spawn XP percentage of total XP
 D = Spawn monster count
 E = Non-spawn monster count
 F = Spawn count percentage of total count
 G = Total turns spent on level
                    A         B        C        D         E        F      G
               +---------+---------+-------+---------+---------+-------+---------
         Total |       0 |   44397 |   0.0 |       0 |     463 |   0.0 | 16804
               +---------+---------+-------+---------+---------+-------+---------
           D:1 |       0 |      57 |   0.0 |       0 |      33 |   0.0 |  1333
           D:2 |       0 |     141 |   0.0 |       0 |      22 |   0.0 |   935
           D:3 |       0 |     448 |   0.0 |       0 |      29 |   0.0 |  1284
           D:4 |       0 |     392 |   0.0 |       0 |      22 |   0.0 |  1294
           D:5 |       0 |     852 |   0.0 |       0 |      20 |   0.0 |   653
           D:6 |       0 |    1570 |   0.0 |       0 |      21 |   0.0 |   766
           D:7 |       0 |     970 |   0.0 |       0 |      20 |   0.0 |   743
           D:8 |       0 |    3292 |   0.0 |       0 |      32 |   0.0 |  1932
           D:9 |       0 |    3319 |   0.0 |       0 |      35 |   0.0 |   948
          D:10 |       0 |    4385 |   0.0 |       0 |      25 |   0.0 |  1232
          D:11 |       0 |    8364 |   0.0 |       0 |      94 |   0.0 |  1523
          D:12 |       0 |    3386 |   0.0 |       0 |      19 |   0.0 |  1160
          D:13 |       0 |   11681 |   0.0 |       0 |      39 |   0.0 |  2162
          D:14 |       0 |    5160 |   0.0 |       0 |      13 |   0.0 |   478
       Ossuary |       0 |     380 |   0.0 |       0 |      39 |   0.0 |   275
               +---------+---------+-------+---------+---------+-------+---------
